 Dungeon Crawl Stone Soup version 0.20-a0-1006-ge6c5631 (webtiles) character file.

7008 M4edhros the Martial Artist (level 11, -5/74 HPs)
             Began as an Octopode Necromancer on Apr 13, 2017.
             Was an Elder of Cheibriados.
             Slain by a vampire (12 damage)
             ... on level 11 of the Dungeon.
             The game lasted 00:29:16 (4963 turns).

M4edhros the Martial Artist (Octopode Necromancer)  Turns: 4963, Time: 00:29:17

Health: -5/74      AC:  1    Str: 23    XL:     11   Next: 8%
Magic:  13/16      EV: 24    Int: 26    God:    Cheibriados [****..]
Gold:   364        SH:  0    Dex: 24    Spells: 1/14 levels left

rFire    . . .     SeeInvis .     - Unarmed
rCold    + . .     Gourm    +   (no shield)
rNeg     . . .     Faith    .   (helmet restricted)
rPois    .         Spirit   .   e - amulet of the gourmand
rElec    .         Reflect  .   f - ring of resist corrosion
rCorr    +         Harm     .   G - +5 ring of evasion
MR       .....                  I - +4 ring of strength
Stlth    +++++.....             (no ring)
Regen    1.7/turn               (no ring)
MPRegen  0.2/turn               (no ring)
                                (no ring)
                                (no ring)

@: about to teleport, regenerating, very slow
A: almost no armour, stealthy swim, amphibious, 8 rings, constrict 8, camouflage
1, cold resistance 1, dopey 1, regeneration 1, wild magic 1, gelatinous body 1
a: Bend Time, Temporal Distortion, Slouch, Renounce Religion


You were on level 11 of the Dungeon.
You worshipped Cheibriados.
Cheibriados was greatly pleased with you.
You were full.

You visited 2 branches of the dungeon, and saw 12 of its levels.

You collected 364 gold pieces.

Inventory:

Hand Weapons
 d - a +2 mace of protection
 g - a +2 scythe of protection
 v - a +1 war axe of flaming
 K - a +0 glaive of protection
Jewellery
 e - an amulet of the gourmand (around mantle)
 f - a ring of resist corrosion (left tentacle)
 G - a +5 ring of evasion (right tentacle)
 I - a +4 ring of strength (on tentacle)
Wands
 k - a wand of acid (5/15)
 r - a wand of lightning (1/15)
 x - a wand of iceblast (5/15)
 y - a wand of lightning (7/15)
 D - a wand of flame (14/48)
 F - a wand of lightning (4/15)
Scrolls
 h - 2 scrolls of amnesia
 i - a scroll of blinking {unknown}
 j - 5 scrolls of remove curse
 m - a scroll of enchant weapon
 n - a scroll of fear {unknown}
 z - a scroll of enchant armour
 B - a scroll of recharging
 C - a scroll of identify
 H - a scroll of noise {unknown}
Potions
 c - 4 potions of curing
 l - a potion of berserk rage {unknown}
 o - 2 potions of agility
 q - 2 potions of degeneration
 s - a potion of cancellation {unknown}
 u - 2 potions of might
 L - a potion of ambrosia {unknown}
Books
 a - a book of Necromancy

   Spells                             Type                      Level
   a - Pain                           Necromancy                   1
   b - Animate Skeleton               Necromancy                   1
   c - Vampiric Draining              Necromancy                   3
   d - Regeneration                   Charms/Necromancy            3
   e - Animate Dead                   Necromancy                   4
   f - Control Undead                 Necromancy                   4
 t - a book of Changes

   Spells                             Type                      Level
   a - Beastly Appendage              Transmutation                1
   b - Sticks to Snakes               Transmutation                2
   c - Spider Form                    Transmutation/Poison         3
   d - Ice Form                       Ice/Transmutation            4
   e - Blade Hands                    Transmutation                5
Comestibles
 b - 9 bread rations
 p - 4 royal jellies
 w - a meat ration
 A - 16 fruits
 E - 3 chunks of flesh


   Skills:
 + Level 6.6 Fighting
 + Level 6.8 Dodging
 * Level 7.6 Stealth
 + Level 9.1 Unarmed Combat
 - Level 2.0 Spellcasting
 - Level 4.0 Necromancy
 + Level 2.2 Transmutations
 * Level 5.2 Invocations
 * Level 7.8 Evocations


You had one spell level left.
You knew the following spells:

 Your Spells              Type           Power        Failure   Level  Hunger
a - Pain                  Necr           ####         3%          1    None
b - Animate Skeleton      Necr           N/A          3%          1    None
c - Regeneration          Chrm/Necr      ###.......   21%         3    ###....
d - Animate Dead          Necr           N/A          28%         4    ####...
e - Ice Form              Ice/Tmut       ##......     78%         4    ####...


Dungeon Overview and Level Annotations

Branches:
Dungeon (11/15)            Temple (1/1) D:7            Lair (0/6) D:9
    Orc: D:9-12

Altars:
Ashenzari
Cheibriados
Elyvilon
Fedhas
Gozag
Hepliaklqana
Kikubaaqudgha
Makhleb
Nemelex Xobeh
Okawaru
Qazlal
Ru
Sif Muna
Trog
Uskayaw
Vehumet
Wu Jian
Xom
Yredelemnul
Zin

Shops:
D:6 =   D:10 }

Annotations:
D:8 dricus's ghost, novice MiBe


Innate Abilities, Weirdness & Mutations

You cannot wear most types of armour.
You are very stealthy in the water. (Stealth+)
You are amphibious.
You can wear up to eight rings at the same time.
You can use your tentacles to constrict eight enemies at once.
Your skin changes colour to match your surroundings (Stealth+).
Your rubbery body absorbs attacks. (AC +1, EV +1)
Your flesh is cold resistant. (rC+)
You are dopey. (Int -2)
Your natural rate of healing is unusually fast.
Your spells are a little harder to cast, but a little more powerful.


Message History

You partially resist.
This wand has 5 charges left.
Unholy energy fills the air.
Unknown command.
Casting: Animate Dead
Confirm with . or Enter, or press ? or * to list all spells.
Your skin crawls.
Something misses you. Something bites you!
Something draws strength from your injuries!
Deactivating autopickup; reactivate with Ctrl-A.
You tentacle-slap something but do no damage.
Your squeeze misses something. Something hits you!
* * * LOW HITPOINT WARNING * * *
Something closely misses you.
You feel better. Something closely misses you. Something bites you!
* * * LOW HITPOINT WARNING * * *
Something draws strength from your injuries!
As you read the scroll of teleportation, it crumbles to dust.
You feel strangely unstable. Something hits you!
* * * LOW HITPOINT WARNING * * *
Something bites you!
You die...

..+ #####)### ..# #..# +##
#.## #.# # ######'### #####
#........# #######...'
#........# ######.......###
#........######..[...#######
# +........##).@..###### #
#........'..##### #
#........#### # #........# #
#........# # ##########


There were no monsters in sight!

Vanquished Creatures
  A two-headed ogre (D:11)
  An unseen horror (D:10)
  A troll (D:11)
  2 hippogriffs
  Sigmund (D:4)
  5 yaks (D:11)
  Grum (D:11)
  A hungry ghost (D:7)
  3 sky beasts
  2 orc warriors (D:10)
  3 black bears
  An ogre (D:7)
  4 wolves (D:11)
  2 centaurs
  A crocodile (D:9)
  3 bullfrogs
  A scorpion (D:4)
  14 killer bees
  3 wights (D:6)
  2 crimson imps
  3 jellies
  An iron imp (D:8)
  A hound (D:4)
  4 orc priests
  A gnoll shaman (D:8)
  3 bullfrog skeletons
  10 orc wizards
  5 iguanas
  5 worker ants
  A hound zombie (D:8)
  9 gnolls
  6 adders
  A shadow imp (D:9)
  An ooze (D:2)
  An adder skeleton (D:9)
  2 worms (D:2)
  A leopard gecko (D:5)
  28 orcs
  6 bats
  2 giant cockroaches (D:1)
  3 goblins
  4 hobgoblins
  6 jackals
  2 quokkas
  3 ball pythons
  2 frilled lizards (D:1)
  A jackal zombie (D:6)
  5 kobolds
  5 rats
  A fungus (D:9)
175 creatures vanquished.

Vanquished Creatures (collateral kills)
  A two-headed ogre (D:9)
  An orc warrior (D:9)
  2 ice beasts
  An ogre (D:11)
  A phantom (D:7)
  A centaur (D:8)
  A crocodile (D:9)
  A bullfrog (D:11)
  3 hounds
  A bullfrog skeleton (D:8)
  An orc priest (D:10)
  A centaur skeleton (D:8)
  An orc wizard (D:10)
  An iguana (D:7)
  A worker ant (D:9)
  A worker ant zombie (D:11)
  A howler monkey skeleton (D:11)
  An orc (D:10)
  A jackal (D:4)
  A ball python (D:1)
  A rat (D:3)
  A plant (D:9)
25 creatures vanquished.

Vanquished Creatures (others)
  A quokka (D:9)
  A fungus (D:9)
2 creatures vanquished.

Grand Total: 202 creatures vanquished

Notes
Turn   | Place    | Note
-------+----------+-------------------------------------------
     0 | D:1      | M4edhros the Octopode Necromancer began the quest for the Orb.
     0 | D:1      | Reached XP level 1. HP: 11/11 MP: 3/3
    62 | D:1      | Reached skill level 1 in Unarmed Combat
   153 | D:2      | Reached XP level 2. HP: 17/17 MP: 5/5
   162 | D:2      | Learned a level 1 spell: Animate Skeleton
   177 | D:2      | Reached skill level 2 in Unarmed Combat
   383 | D:3      | Reached XP level 3. HP: 18/21 MP: 3/6
   399 | D:3      | Learned a level 3 spell: Regeneration
   464 | D:4      | Noticed Sigmund
   476 | D:4      | Killed Sigmund
   476 | D:4      | Reached skill level 5 in Unarmed Combat
   476 | D:4      | Reached XP level 4. HP: 13/27 MP: 7/7
   476 | D:4      | Reached XP level 5. HP: 15/31 MP: 8/8
   565 | D:4      | Reached XP level 6. HP: 29/36 MP: 9/9
   579 | D:4      | Found a stormy altar of Qazlal.
   612 | D:5      | Entered Level 5 of the Dungeon
   652 | D:4      | Reached skill level 6 in Unarmed Combat
   746 | D:5      | Reached skill level 1 in Fighting
   760 | D:5      | Reached XP level 7. HP: 14/43 MP: 6/10
  1278 | D:6      | Found Narhouq's Jewellery Emporium.
  1330 | D:6      | Gained mutation: Your body sometimes deteriorates upon taking damage. [mutagenic meat]
  1331 | D:6      | Gained mutation: You have a pair of small antennae on your head. [mutagenic meat]
  1332 | D:6      | Gained mutation: You expend magic power (3 MP) to strengthen your wands. [mutagenic meat]
  1333 | D:6      | Gained mutation: Your natural rate of healing is unusually fast. [mutagenic meat]
  1377 | D:6      | Reached skill level 7 in Unarmed Combat
  1377 | D:6      | Reached XP level 8. HP: 52/52 MP: 11/11
  1702 | D:7      | Learned a level 4 spell: Animate Dead
  1755 | D:7      | Reached skill level 1 in Evocations
  1771 | D:7      | Noticed a hippogriff
  1870 | D:7      | Killed a hippogriff
  1870 | D:7      | Reached skill level 5 in Dodging
  1876 | D:7      | Gained mutation: Your body often deteriorates upon taking damage. [mutagenic meat]
  1878 | D:7      | Gained mutation: Your system is resistant to poisons. (rPois) [mutagenic meat]
  1879 | D:7      | Gained mutation: Your magical capacity is low. (-10% MP) [mutagenic meat]
  1880 | D:7      | Gained mutation: You are somewhat resistant to further mutation. [mutagenic meat]
  1971 | D:7      | Reached XP level 9. HP: 60/60 MP: 10/10
  2002 | D:7      | Found a staircase to the Ecumenical Temple.
  2035 | Temple   | Entered the Ecumenical Temple
  2239 | D:8      | Found a radiant altar of Vehumet.
  2252 | D:8      | Reached skill level 5 in Fighting
  2303 | D:8      | Found a snail-covered altar of Cheibriados.
  2315 | D:8      | Became a worshipper of Cheibriados the Contemplative
  2459 | D:4      | Reached skill level 8 in Unarmed Combat
  2534 | D:3      | Found a faded altar of an unknown god.
  2737 | D:1      | Reached * piety under Cheibriados
  3050 | D:2      | Found an opulent altar of Gozag.
  3216 | D:4      | Found a hazy altar of Hepliaklqana.
  3397 | D:8      | Noticed dricus's ghost (novice MiBe)
  3420 | D:7      | Reached ** piety under Cheibriados
  3452 | D:8      | Reached skill level 5 in Evocations
  3542 | D:8      | Lost mutation: You have a pair of small antennae on your head. [potion of mutation]
  3542 | D:8      | Lost mutation: Your body often deteriorates upon taking damage. [potion of mutation]
  3542 | D:8      | Lost mutation: Your magical capacity is low. (-10% MP) [potion of mutation]
  3542 | D:8      | Gained mutation: You are resistant to hostile enchantments. (MR+) [potion of mutation]
  3552 | D:8      | Found a basalt altar of Yredelemnul.
  3680 | D:8      | Found a blossoming altar of Fedhas.
  3782 | D:9      | Found an iron altar of Okawaru.
  3784 | D:9      | Found a white marble altar of Elyvilon.
  3835 | D:9      | Found an ancient bone altar of Kikubaaqudgha.
  3843 | D:9      | Reached skill level 1 in Invocations
  3938 | D:9      | Found a staircase to the Lair.
  4007 | D:9      | Found a glowing silver altar of Zin.
  4034 | D:9      | Noticed a two-headed ogre
  4041 | D:9      | Killed a two-headed ogre
  4041 | D:9      | Reached XP level 10. HP: 29/68 MP: 10/14
  4152 | D:8      | Reached *** piety under Cheibriados
  4227 | D:9      | Reached skill level 5 in Stealth
  4233 | D:9      | Found an opulent altar of Gozag.
  4251 | D:10     | Entered Level 10 of the Dungeon
  4421 | D:10     | Found Kobigrop's Gadget Shop.
  4484 | D:10     | Killed an unseen horror
  4549 | D:10     | Reached **** piety under Cheibriados
  4662 | D:11     | Lost mutation: You are resistant to hostile enchantments. (MR+) [potion of mutation]
  4662 | D:11     | Lost mutation: You expend magic power (3 MP) to strengthen your wands. [potion of mutation]
  4662 | D:11     | Lost mutation: Your body sometimes deteriorates upon taking damage. [potion of mutation]
  4662 | D:11     | Lost mutation: You are somewhat resistant to further mutation. [potion of mutation]
  4662 | D:11     | Lost mutation: Your system is resistant to poisons. (rPois) [potion of mutation]
  4662 | D:11     | Gained mutation: You are dopey. (Int -2) [potion of mutation]
  4662 | D:11     | Gained mutation: Your flesh is cold resistant. (rC+) [potion of mutation]
  4662 | D:11     | Gained mutation: Your spells are a little harder to cast, but a little more powerful. [potion of mutation]
  4672 | D:11     | Learned a level 4 spell: Ice Form
  4708 | D:11     | Noticed a two-headed ogre
  4718 | D:11     | Killed a two-headed ogre
  4718 | D:11     | Reached skill level 9 in Unarmed Combat
  4718 | D:11     | Reached skill level 1 in Transmutations
  4777 | D:11     | Noticed Grum
  4780 | D:11     | Killed Grum
  4885 | D:11     | Reached XP level 11. HP: 61/74 MP: 12/16
  4889 | D:11     | Reached skill level 5 in Invocations
  4963 | D:11     | Slain by a vampire

Vault maps used:
D:1:      dpeg_arrival_castle
D:2:      grunt_gozag_breadcrumbs
D:3:      chequers_ecumenical_altar_island
D:4:      kennysheep_mini_moat, lemuel_crystal_altar, first_bread, uniq_sigmund
D:5:      serial_curves, eino_curves_03, eino_curves_03, eino_curves_04,
          eino_curves_01, kennysheep_generic_room_16
D:6:      serial_shops, shop
D:7:      minmay_temple_entry_statues
D:8:      overflow_temple_1_default, slow_altar_2, old_standard_altar,
          lemuel_crystal_altar, fedhas_altar_fruit_tree, tso_metal_star
D:9:      elyvilon_altar_4, okawaru_metal_pillars_3, marbit_many_paths,
          kennysheep_little_box, zin_statuary, grunt_lair_entry_orc_guard_hut
D:10:     serial_shops, nicolae_shop_crystal
D:11:     serial_shops, shop_statue, uniq_erica, uniq_nergalle, uniq_grum
Temple:   nicolae_temple_figure_zero

Skill      XL: |  1  2  3  4  5  6  7  8  9 10 11 |
---------------+----------------------------------+-----
Unarmed Combat | 1 2 5 6 7 8 9 |  9.1
Fighting       | 1 3 4 5 6 |  6.6
Dodging        | 4 5 6 |  6.8
Evocations     | 3 6 7 |  7.8
Stealth        | 4 7 |  7.6
Invocations    | 3 4 5 |  5.2
Transmutations | 1 2 |  2.2
Spellcasting   | |  2.0
Necromancy     | |  4.0

Action                   |  1- 3 |  4- 6 |  7- 9 | 10-12 || total
-------------------------+-------+-------+-------+-------++-------
Melee: Mace              |    31 |    48 |   298 |    98 ||   475
       Constrict         |     9 |     9 |    64 |    21 ||   103
       Tentacles         |     7 |     7 |    58 |    39 ||   111
       Unarmed           |     1 |       |       |    14 ||    15
       Punch             |       |     4 |    20 |    17 ||    41
       Scythe            |       |       |     1 |       ||     1
 Cast: Pain              |     9 |     3 |     1 |       ||    13
       Animate Skeleton  |     6 |     3 |    28 |     9 ||    46
       Regeneration      |     1 |     5 |    16 |    10 ||    32
       Animate Dead      |       |       |     2 |     5 ||     7
Evoke: Wand              |       |       |    15 |     9 ||    24
  Use: Scroll            |     4 |       |     8 |     5 ||    17
       Potion            |     3 |       |     7 |     4 ||    14
 Stab: Distracted        |     1 |       |     1 |     2 ||     4
       Sleeping          |       |     3 |    19 |       ||    22
  Eat: Chunk             |     1 |     6 |    31 |     8 ||    46
Armor: Skin              |     5 |     7 |   176 |    11 ||   199
Dodge: Dodged            |    16 |    39 |   303 |   178 ||   536
